 Dungeon Crawl Stone Soup version 0.29-a0-323-g050149af67 (webtiles) character file.

Game seed: 17934662051194797334

100 Ajdolov the Firebug (level 4, 0/33 HPs)
             Began as a Draconian Fire Elementalist on Apr 10, 2022.
             Slain by an orc
             ... wielding a +0 whip
              (2 damage)
             ... on level 4 of the Dungeon.
             The game lasted 00:04:37 (3598 turns).

Ajdolov the Firebug (Draconian Fire Elementalist)   Turns: 3598, Time: 00:04:37

Health: 0/33       AC:  5    Str: 10    XL:     4   Next: 46%
Magic:  2/7        EV: 12    Int: 17    God:
Gold:   153        SH:  0    Dex: 12    Spells: 4/7 levels left

rFire   . . .      SeeInvis .   b - +0 dagger
rCold   . . .      Faith    .   (no shield)
rNeg    . . .      Spirit   .   (body armour unavailable)
rPois   .          Reflect  .   (helmet restricted)
rElec   .          Harm     .   (no cloak)
rCorr   .          Rampage  .   (no gloves)
Will    .....                   (no boots)
Stlth   ++........              (no amulet)
HPRegen 0.11/turn               (no ring)
MPRegen 0.10/turn               (no ring)

@: no status effects
A: AC +5, unfitting armour, cold-blooded
a: no special abilities


You were on level 4 of the Dungeon.
You visited 1 branch of the dungeon, and saw 4 of its levels.

You collected 153 gold pieces.

Inventory:

Hand Weapons
 b - a +0 dagger (weapon)
Missiles
 x - 6 curare-tipped darts
Magical Staves
 e - a staff of air
Wands
 w - a wand of acid (11)
Scrolls
 c - 2 scrolls of holy word {unknown}
 f - 3 scrolls of amnesia {unknown}
 h - a scroll of fear {unknown}
 k - a scroll of fog {unknown}
 l - 4 scrolls of identify {unknown}
 n - a scroll of vulnerability {unknown}
 o - a scroll of blinking {unknown}
 p - a scroll of immolation {unknown}
 q - a scroll of torment {unknown}
 u - a scroll of enchant armour {unknown}
Potions
 a - a potion of magic
 d - a potion of curing {unknown}
 g - 2 potions of cancellation {unknown}
 i - a potion of flight {unknown}
 j - a potion of might {unknown}
 m - 2 potions of ambrosia {unknown}
 r - 2 potions of attraction {unknown}
 s - a potion of resistance {unknown}
 t - 2 potions of degeneration {unknown}
 v - a potion of lignification {unknown}
 z - a potion of heal wounds {unknown}


   Skills:
 - Level 1.7 Dodging
 - Level 1.7 Stealth
 + Level 2.4 Spellcasting
 - Level 1.0 Conjurations
 - Level 5.0 Fire Magic


You had 4 spell levels left.
You knew the following spells:

 Your Spells              Type           Power      Damage    Failure   Level
a - Foxfire               Conj/Fire      48%        2x1d6     5%          1
b - Scorch                Fire           38%        2d7       3%          2

Your spell library contained the following spells:

 Spells                   Type           Power      Damage    Failure   Level
 Conjure Flame            Conj/Fire      12%        6-21      16%         3
 Sandblast                Erth           4%         2d4       19%         1
 Inner Flame              Hex/Fire       10%        N/A       21%         3
 Passwall                 Tmut/Erth      1%         N/A       28%         2
 Stone Arrow              Conj/Erth      6%         3d7       41%         3
 Flame Wave               Conj/Fire      12%        2d6       47%         4
 Ozocubu's Armour         Ice            2%         N/A       50%         3
 Metabolic Englaciation   Hex/Ice        1%         N/A       99%         5
 Simulacrum               Ice/Necr       1%         N/A       100%        6


Dungeon Overview and Level Annotations

Branches:
Dungeon (4/15)
 Temple: D:4-7

Altars:
Xom


Innate Abilities, Weirdness & Mutations

Your plain brown scales are hard. (AC +5)
You cannot fit into any form of body armour.
You are cold-blooded and may be slowed by cold attacks.


Message History

The giant cockroach bites you but does no damage.
Flames lash the giant cockroach.
You kill the giant cockroach!
Flames lash the orc priest.
The orc priest is moderately wounded.
The orc priest's fire resistance burns away.
The orc hits you but does no damage.
Flames lash the orc priest.
The orc priest is burned terribly!
The orc priest is heavily wounded.
The orc hits you with a +0 whip.
You are too depleted to draw on your mana recklessly!
You hit the orc but do no damage. You tail-slap the orc.
The orc is heavily wounded.
The orc hits you but does no damage.
You hit the orc but do no damage.
The orc is heavily wounded.
The orc barely misses you.
You hit the orc.
Your tail-slap misses the orc.
The orc is heavily wounded.
The orc hits you with a +0 whip.
An orc comes into view. It is wielding a +0 whip.
You hit the orc but do no damage.
The orc is heavily wounded.
The orc hits you with a +0 whip.
You barely miss the orc.
The orc is heavily wounded.
The orc hits you with a +0 whip.
You hit the orc.
The orc is severely wounded.
The orc barely misses you.
The orc priest looks satisfied for a moment.
The orc attacks as you move away! The orc barely misses you.
The orc priest calls down the wrath of Beogh upon you.
Beogh smites you!
Ouch! That really hurt!
* * * LOW HITPOINT WARNING * * *
Found 13 gold pieces.
The orc attacks as you move away! The orc completely misses you.
The orc attacks as you move away! The orc hits you with a +0 whip.
You die...

#....##.#####.##.
####................
#................# .#
..........##....### ...
...###....##...## ##..#
### #....#....####.$.
#...........#..#
##.....#####...##.##
#.....## #@.......
#.#...######o##.#...
#.#...#......#..##
#.#...#o##o........
###.#...#.##......##.
#...#####o##>.....##.
##.###...o.#..........
##...#..o####..........
#.....................#


You could see an orc priest and an orc.

Vanquished Creatures
  2 adders
  A worm (D:2)
  3 dart slugs
  An orc (D:3)
  7 endoplasms
  7 giant cockroaches
  6 goblins
  4 hobgoblins
  10 jackals (D:3)
  2 kobolds (D:1)
  5 quokkas
  3 ball pythons
  A bat (D:3)
  3 frilled lizards
  8 rats
63 creatures vanquished.

Vanquished Creatures (others)
  A foxfire (D:1)
1 creature vanquished.

Grand Total: 64 creatures vanquished

Notes
Turn   | Place    | Note
-------+----------+-------------------------------------------
     0 | D:1      | Ajdolov the Draconian Fire Elementalist began the quest for
                  | the Orb.
     0 | D:1      | Reached XP level 1. HP: 14/14 MP: 3/3
   446 | D:1      | Reached XP level 2. HP: 18/20 MP: 5/5
   822 | D:1      | Learned a level 2 spell: Scorch
  1144 | D:1      | Reached skill level 4 in Fire Magic
  1505 | D:2      | Found a shimmering altar of Xom.
  1526 | D:2      | Reached XP level 3. HP: 26/26 MP: 1/6
  1607 | D:2      | Found a faded altar of an unknown god.
  2645 | D:3      | Reached XP level 4. HP: 30/33 MP: 1/7
  2744 | D:3      | Reached skill level 5 in Fire Magic
  3592 | D:4      | HP: 1/33 [orc priest/divine providence (17)]
  3598 | D:4      | Slain by an orc

Illustrated notes

Levels and vault maps discovered:
D:1:      shiori_arrival_oz, layout_basic, minmay_tromino_i2
D:2:      layout_basic, basic_altar, chequers_ecumenical_altar_island,
          minmay_hedge_maze, minmay_tiny_reverse_x
D:3:      layout_basic, chequers_arboretum, hangedman_decor_growths
D:4:      layout_rooms, minmay_temple_entry_overgrown

Skill      XL: |  1  2  3  4 |
---------------+-------------+-----
Fire Magic     | 4 5 |  5.0
Dodging        | |  1.7
Stealth        | |  1.7
Spellcasting   | |  2.4
Conjurations   | |  1.0

Action                   |  1- 3 |  4- 6 || total
-------------------------+-------+-------++-------
Melee: Dagger            |   111 |    18 ||   129
       Unarmed           |     8 |       ||     8
       Tailslap          |    13 |     5 ||    18
       Punch             |     3 |       ||     3
 Cast: Foxfire           |     2 |       ||     2
       Scorch            |    27 |    22 ||    49
 Stab: Sleeping          |     3 |       ||     3
Armor: Skin              |    43 |     4 ||    47
Dodge: Dodged            |    72 |    19 ||    91

Table legend: (Time is in decaauts)
 A = Elapsed time spent in this place.
 B = Non-inter-level travel time spent in this place.
 C = Inter-level travel time spent in this place.
 D = Time resting spent in this place.
 E = Time spent auto-exploring this place.
 F = Levels seen in this place.
 G = Mean time per level.
                   A        B        C        D        E       F      G
               +--------+--------+--------+--------+--------+-----+--------+
         Total |   3604 |   3536 |     68 |      0 |   3037 |   4 |  901.0 |
       Dungeon |   3604 |   3536 |     68 |      0 |   3037 |   4 |  901.0 |
               +--------+--------+--------+--------+--------+-----+--------+

Top non-repeatable levels by time:
     D:1: 1429 daAuts
     D:3: 1031 daAuts
     D:2: 835 daAuts
     D:4: 308 daAuts
